 Dungeon Crawl Stone Soup version 0.30.0-13-g156ef70053 (webtiles) character file.

Game seed: 4583958660264230813

382 JanusIIV the Cudgeller (level 6, 0/60 HPs)
             Began as a Gargoyle Berserker on May 17, 2023.
             Was a Believer of Trog.
             Slain by a jelly (2 damage)
             ... in a sewer.
             The game lasted 00:04:58 (2372 turns).

JanusIIV the Cudgeller (Gargoyle Berserker)         Turns: 2372, Time: 00:04:59

Health: 0/60       AC:  2    Str: 22    XL:     6   Next: 76%
Magic:  6/6        EV: 10    Int:  8    God:    Trog [**....]
Gold:   107        SH:  0    Dex:  9    Spells: 5/5 levels left

rFire   . . .        n - +0 flail
rCold   . . .        (no shield)
rNeg    + . .        g - +0 scale mail
rPois   ∞            (no helmet)
rElec   +            (no cloak)
rCorr   .            (no gloves)
SInv    .            (no boots)
Will    .....        (no amulet) Stlth
                     (no ring)
HPRegen 0.30/turn    (no ring)
MPRegen 0.10/turn

%: no passive effects
@: berserking, corroded, very quick
A: sickness immunity, AC +4, negative energy resistance 1, electricity
resistance, torment resistance 1, petrification resistance
a: Renounce Religion, Berserk, Trog's Hand


You were in a sewer.
You worshipped Trog.
Trog was pleased with you.
You visited 1 branch of the dungeon, and saw 3 of its levels.
You also visited: Sewer.

You collected 107 gold pieces.

Inventory:

Hand Weapons
 a - a +0 mace
 n - a +0 flail (weapon)
Missiles
 l - 2 boomerangs (quivered)
 o - 4 throwing nets
Armour
 b - a +0 animal skin
 g - a +0 scale mail (worn)
Wands
 r - a wand of flame (21)
Scrolls
 i - 5 scrolls of teleportation {unknown}
 j - 2 scrolls of identify {unknown}
 m - a scroll of amnesia {unknown}
 t - a scroll of fear {unknown}
Potions
 c - a potion of flight {unknown}
 d - a potion of degeneration {unknown}
 e - 2 potions of brilliance {unknown}
 f - a potion of curing {unknown}
 h - a potion of might {unknown}
 k - a potion of ambrosia {unknown}
 p - a potion of mutation {unknown}
 q - a potion of lignification {unknown}
 s - a potion of magic {unknown}
 u - a potion of haste {unknown}
 v - a potion of heal wounds {unknown}


   Skills:
 + Level 5.2 Fighting
 + Level 6.3 Maces & Flails
 - Level 2.1 Armour
 - Level 1.5 Dodging


You had 5 spell levels left.
You didn't know any spells.
Your spell library was empty.

Dungeon Overview and Level Annotations

Branches:
Dungeon (3/15)              Sewer (1/1)

Altars:


Innate Abilities, Weirdness & Mutations

You are immune to sickness and miasma.
Your stone body is resilient. (AC +4)
You are immune to poison.
You resist negative energy. (rN+)
You are resistant to electric shocks. (rElec)
You are resistant to unholy torment.
You are immune to petrification.


Message History

You are too injured to fight recklessly!
You are too injured to fight recklessly!
You are too injured to fight recklessly!
You are too injured to fight recklessly!
You are too injured to fight recklessly!
You are too injured to fight recklessly!
You are too injured to fight recklessly!
You are too injured to fight recklessly!
You are too injured to fight recklessly!
You are too injured to fight recklessly!
You are too injured to fight recklessly!
You are too injured to fight recklessly!
A red film seems to cover your vision as you go berserk!
You feel yourself moving faster!
You feel mighty! The jelly hits you.
You are splashed with acid!
* * * LOW HITPOINT WARNING * * *
The frilled lizard completely misses you.
You sock the jelly!
Your hands burn!
* * * LOW HITPOINT WARNING * * *
The jelly is severely wounded.
The jelly hits you.
* * * LOW HITPOINT WARNING * * *
You are splashed with acid!
* * * LOW HITPOINT WARNING * * *
The frilled lizard closely misses you.
You hit the jelly.
Your hands burn!
* * * LOW HITPOINT WARNING * * *
The jelly is almost dead.
The frilled lizard closely misses you. The jelly barely misses you.
You hit the jelly.
You kill the jelly!
Trog accepts your kill.
The frilled lizard bites you but does no damage.
You miss the frilled lizard.
The frilled lizard is heavily wounded.
You hit the jelly. The acid corrodes you!
Your hands burn!
* * * LOW HITPOINT WARNING * * *
The jelly is lightly wounded.
The jelly hits you.
You die...

...~## #..~# ####
######.~####~~~ ##
##~~~~#.~~##..~. ..~
##∩†.....~.#.~.#. !.~.
#~~~##~.......##~ [..~.
#.†##~..~~.~~##~~
#.~..B##†~#.[.##~~~.#.~~
#.rl@.~##.##..~~.##~.
##~J.~..###..~~~..##~
####..~...~~##~.~~##
##~.~...# ##~~..~
####~.# ##~.~~ ~~# ###~~
~. ##~ #. ##


You could see a jelly, a giant cockroach, a frilled lizard and a rat.

Vanquished Creatures
  A phantom (D:3)
  2 orc priests (D:3)
  2 jellies (Sewer)
  4 gnolls (D:2)
  3 adders (Sewer)
  2 river rats (D:3)
  3 worms
  3 dart slugs
  6 orcs (D:3)
  12 ball pythons
  10 endoplasms
  6 giant cockroaches
  5 goblins
  4 hobgoblins
  4 jackals (D:1)
  2 quokkas (D:3)
  5 bats
  4 frilled lizards
  2 kobolds
  10 rats
90 creatures vanquished.

Notes
Turn   | Place    | Note
-------+----------+-------------------------------------------
     0 | D:1      | JanusIIV the Gargoyle Berserker began the quest for the
                  | Orb.
     0 | D:1      | Reached XP level 1. HP: 14/14 MP: 1/1
   248 | D:1      | Reached XP level 2. HP: 14/19 MP: 2/2
   813 | D:1      | Reached XP level 3. HP: 24/24 MP: 3/3
  1110 | D:2      | Reached skill level 4 in Maces & Flails
  1127 | D:2      | Reached XP level 4. HP: 29/29 MP: 4/4
  1453 | D:2      | Reached ** piety under Trog
  1662 | D:3      | Noticed a phantom
  1684 | D:3      | Killed a phantom
  1685 | D:3      | Reached skill level 5 in Maces & Flails
  1685 | D:3      | Reached XP level 5. HP: 32/34 MP: 5/5
  1741 | D:3      | Reached XP level 6. HP: 25/40 MP: 6/6
  1910 | D:3      | Found a glowing drain.
  1932 | D:3      | Reached skill level 5 in Fighting
  1937 | Sewer    | Entered a sewer
  2165 | Sewer    | Reached skill level 6 in Maces & Flails
  2372 | Sewer    | HP: 1/60 [acid (3)]
  2372 | Sewer    | Slain by a jelly

Illustrated notes

Levels and vault maps discovered:
D:1:      lemuel_arrival_room, layout_basic
D:2:      layout_loops_ring
D:3:      layout_basic, ebering_ecumenical_altar_mist, portal_sewer_entry_e,
          chequers_serial_rivers_micro_a, serial_bayou_pond_d
Sewer:    sewer_hellmonk_slimy_pipes

Skill      XL: |  1  2  3  4  5  6 |
---------------+-------------------+-----
Fighting       | 4 5 |  5.2
Maces & Flails | 4 5 6 |  6.3
Armour         | |  2.1
Dodging        | |  1.5

Action                     |  1- 3 |  4- 6 || total
---------------------------+-------+-------++-------
  Melee: Mace              |    99 |    92 ||   191
         Punch             |       |     1 ||     1
         Flail             |       |   109 ||   109
 Invoke: Berserk           |     2 |     3 ||     5
 Armour: Scale mail        |    36 |   114 ||   150
         Animal skin       |     2 |       ||     2
  Dodge: Dodged            |    56 |   108 ||   164
